 Dungeon Crawl Stone Soup version 0.20-a0-537-g052e6ba (webtiles) character file.

42 dvd the Stinger (level 3, -1/21 HPs)
             Began as an Octopode Venom Mage on Jan 28, 2017.
             Slain by an adder (4 damage)
             ... on level 2 of the Dungeon.
             The game lasted 00:02:26 (1125 turns).

dvd the Stinger (Octopode Venom Mage)               Turns: 1125, Time: 00:02:26

Health: -1/21      AC:  1    Str:  7    XL:     3   Next: 54%
Magic:  1/6        EV: 13    Int: 18    God:
Gold:   40         SH:  0    Dex: 12    Spells: 5/6 levels left

rFire    . . .     SeeInvis .   a - +0 mace
rCold    . . .     Gourm    .   (no shield)
rNeg     . . .     Faith    .   (helmet restricted)
rPois    .         Spirit   .   (no amulet)
rElec    .         Reflect  .   (no ring)
rCorr    .         Harm     .   (no ring)
MR       .....                  (no ring)
Stlth    +++.......             (no ring)
Regen    0.1/turn               (no ring)
                                (no ring)
                                (no ring)
                                (no ring)

@: very slightly contaminated
A: almost no armour, stealthy swim, amphibious, 8 rings, constrict 8, camouflage
1, gelatinous body 1
a: no special abilities


You were on level 2 of the Dungeon.
You were not hungry.

You visited 1 branch of the dungeon, and saw 2 of its levels.

You collected 40 gold pieces.

Inventory:

Hand Weapons
 a - a +0 mace (weapon)
Scrolls
 e - a scroll of remove curse {unknown}
 f - a scroll of fear {unknown}
 g - 2 scrolls of enchant armour {unknown}
 h - a scroll of amnesia {unknown}
 i - a scroll of blinking {unknown}
Books
 d - a Young Poisoner's Handbook

   Spells                             Type                      Level
   a - Sting                          Conjuration/Poison           1
   b - Poisonous Vapours              Poison/Air                   2
   c - Mephitic Cloud                 Conjuration/Poison/Air       3
   d - Olgreb's Toxic Radiance        Poison                       4
   e - Venom Bolt                     Conjuration/Poison           5
Comestibles
 b - a bread ration
 c - a chunk of flesh
 j - a royal jelly
 k - a meat ration


   Skills:
 + Level 0.4 Maces & Flails
 + Level 2.1 Dodging
 + Level 3.1 Stealth
 + Level 2.4 Spellcasting
 + Level 1.3 Conjurations
 + Level 4.3 Poison Magic


You had 5 spell levels left.
You knew the following spells:

 Your Spells              Type           Power        Failure   Level  Hunger
a - Sting                 Conj/Pois      ##..         8%          1    #......


Dungeon Overview and Level Annotations

Branches:
Dungeon (2/15)

Altars:


Innate Abilities, Weirdness & Mutations

You cannot wear most types of armour.
You are very stealthy in the water. (Stealth+)
You are amphibious.
You can wear up to eight rings at the same time.
You can use your tentacles to constrict eight enemies at once.
Your skin changes colour to match your surroundings (Stealth+).
Your rubbery body absorbs attacks. (AC +1, EV +1)


Message History

The adder is severely wounded.
You constrict the adder.
You kill the adder!
Casting: Sting
Confirm with . or Enter, or press ? or * to list all spells.
Aiming: Sting
Press: ? - help, Shift-Dir - straight line, f - adder
Aim: an adder The sting misses the adder.
The adder completely misses you.
You hit the adder. You grab the adder.
The adder is heavily wounded.
You constrict the adder. The adder closely misses you. The adder bites you.
* * * LOW HITPOINT WARNING * * *
Unknown command.
You aren't carrying any potions.
Unknown command.
You hit the adder.
The adder is heavily wounded.
You constrict the adder. The adder bites you.
You die...

#÷##### #.# # #.#
# ######.# #
######......# #
..#....######## #
#.#.#.............
#.#.#.#######.....
#@#.#.# .....
#S#.#.# .#...
#.....# #.#. #
#...### #.#( ...
#.#...# #
#..##†#.#.#
#......#.#
.....)....$....
##.#....#...##.


You could see an adder.

Vanquished Creatures
  2 adders (D:2)
  2 leopard geckos (D:1)
  A giant cockroach (D:1)
  3 goblins
  4 hobgoblins (D:1)
  2 kobolds
  A ball python (D:1)
  3 bats
  2 rats
20 creatures vanquished.

Notes
Turn   | Place    | Note
-------+----------+-------------------------------------------
     0 | D:1      | dvd the Octopode Venom Mage began the quest for the Orb.
     0 | D:1      | Reached XP level 1. HP: 11/11 MP: 3/3
   236 | D:1      | Reached XP level 2. HP: 15/17 MP: 1/5
   295 | D:1      | Reached skill level 4 in Poison Magic
   800 | D:2      | Reached XP level 3. HP: 12/21 MP: 0/6
  1125 | D:2      | Slain by an adder

Vault maps used:
D:1:      saegor_arrival_simple_f
D:2:      uniq_iyjb, uniq_robin

Skill      XL: |  1  2 |
---------------+-------+-----
Poison Magic   | 4 |  4.3
Stealth        | 3 |  3.1
Maces & Flails | |  0.4
Dodging        | |  2.1
Spellcasting   | |  2.4
Conjurations   | |  1.3

Action                   || total
-------------------------++-------
Melee: Unarmed           ||     7
       Club              ||    23
       Constrict         ||    13
       Tentacles         ||     6
       Mace              ||    11
 Cast: Sting             ||    28
 Stab: Sleeping          ||     1
  Eat: Chunk             ||     1
Armor: Skin              ||     3
Dodge: Dodged            ||    34
